 Dungeon Crawl Stone Soup version 0.31-a0-848-gaac375c287 (webtiles) character file.

Game seed: 12169682946343891578

438 demibob the Cudgeller (level 6, -5/59 HPs)
             Began as a Troll Chaos Knight on Oct 5, 2023.
             Was a Plaything of Xom.
             Slain by an ogre
             ... wielding a +0 giant club
              (15 damage)
             ... on level 4 of the Dungeon.
             The game lasted 00:04:02 (2125 turns).

demibob the Cudgeller (Troll Chaos Knight)          Turns: 2125, Time: 00:04:04

Health: -5/59      AC:  6    Str: 21    XL:     6   Next: 69%
Magic:  5/5        EV: 10    Int:  8    God:    Xom [..*...]
Gold:   196        SH:  0    Dex: 17    Spells: 5/5 levels left

rFire   . . .        a - +1 mace (elec)
rCold   . . .        (no shield)
rNeg    . . .        b - +2 robe
rPois   .            (helmet restricted)
rElec   .            k - scarf {repulsion}
rCorr   .            (gloves unavailable)
SInv    .            (boots unavailable)
Will    .....        e - amulet of magic regeneration
Stlth   ++           D - +6 ring of dexterity
HPRegen 1.09/turn    (no ring)
MPRegen 0.49/turn

%: repel missiles
@: no status effects
A: large, unfitting armour, claws 3, regeneration 1, shaggy fur 1, tough skin 1
a: Renounce Religion


You were on level 4 of the Dungeon.
You worshipped Xom.
You were a toy of Xom.
You visited 1 branch of the dungeon, and saw 4 of its levels.

You collected 223 gold pieces.
You spent 27 gold pieces at shops.


Innate Abilities, Weirdness & Mutations

You are too large for most types of armour.
You have claws for hands.
Your natural rate of healing is unusually fast.
You are covered in fur. (AC +1)
You have tough skin. (AC +1)


   Skills:
 - Level 2.4 Fighting
 + Level 7.0 Maces & Flails
 - Level 1.9 Dodging


You had 5 spell levels left.
You didn't know any spells.
Your spell library contained the following spells:

 Spells                   Type           Power      Damage    Failure   Level
 Magic Dart               Conj           0%         1d3       41%         1
 Call Imp                 Summ           0%         N/A       54%         2
 Mephitic Cloud           Conj/Pois/Air  0%         N/A       78%         3

Inventory:

Hand Weapons
 a - a +1 mace of electrocution (weapon)
Armour
 b - a +2 robe (worn)
 k - a scarf of repulsion (worn)
Magical Staves
 d - a staff of cold {!a}
 f - a staff of death {!a}
Jewellery
 e - an amulet of magic regeneration (around neck)
 D - a +6 ring of dexterity (left claw)
 S - a +6 ring of strength
Scrolls
 c - 3 scrolls of teleportation {@r2}
Potions
 g - 5 potions of attraction
 h - a potion of ambrosia {unknown}
 i - a potion of cancellation

Dungeon Overview and Level Annotations

Branches:
Dungeon (4/15)
 Temple: D:4-7

Altars:
Gozag

Shops:
D:1 *

Portals:
Abyss: D:3

Annotations:
D:3 2 transporters, awesomeguy42's ghost, weakling HuNe

#.. ## #.#
.. #.# #.
#.# ##.
#.# .. #.#
#. #O# #.
#@### #.
#...#
#.###.
###.#
#..... #.#
#####. #.#
#. #.# #.
########.#
#.
#........#
#.
#.########
.##.#####.


You could see an ogre.


Message History

Found a mace.
Found 5 curare-tipped darts.
An ogre comes into view. It is wielding a +0 giant club.
An ogre is nearby!
You thump the ogre!
The ogre is moderately wounded.
The ogre hits you with a +0 giant club!!
You hit the ogre.
The ogre is moderately wounded.
You hit the ogre.
The ogre is moderately wounded.
The ogre misses you.
You hit the ogre but do no damage.
The ogre is moderately wounded.
The ogre hits you with a +0 giant club!!
* * * LOW HITPOINT WARNING * * *
You are too injured to fight recklessly!
You are too injured to fight recklessly!
Okay, then.
Okay, then.
You hit the ogre.
The ogre is heavily wounded.
The ogre barely misses you.
You hit the ogre.
The ogre is heavily wounded.
You barely miss the ogre.
The ogre is heavily wounded.
The ogre hits you with a +0 giant club!
You die...
Xom guffaws!

Skill      XL: |  1  2  3  4  5  6 |
---------------+-------------------+-----
Maces & Flails | 3 4 6 7 |  7.0
Fighting       | |  2.4
Dodging        | |  1.9

Action                     |  1- 3 |  4- 6 || total
---------------------------+-------+-------++-------
  Melee: Mace              |    57 |   103 ||   160
    Use: Scroll            |     4 |     7 ||    11
         Potion            |     2 |       ||     2
   Stab: Sleeping          |       |     2 ||     2
         Distracted        |       |     1 ||     1
 Armour: Robe              |    40 |    74 ||   114
  Dodge: Dodged            |    29 |    60 ||    89
         Repelled          |       |     1 ||     1

Levels and vault maps discovered:
D:1:      psy_arrival_dodecagon, layout_loops_ring, serial_shops,
          nicolae_shop_overgrown_old_shop
D:2:      layout_basic, minmay_tetromino_o4
D:3:      layout_basic, mainiacjoe_overflow_small_starburst,
          gammafunk_ghost_abyssal_escape, uniq_grinder
D:4:      layout_loops_ring

Notes
Turn   | Place    | Note
-------+----------+-------------------------------------------
     0 | D:1      | demibob the Troll Chaos Knight began the quest for the Orb.
     0 | D:1      | Reached XP level 1. HP: 22/22 MP: 0/0
   125 | D:1      | Reached skill level 3 in Maces & Flails
   130 | D:1      | Reached XP level 2. HP: 29/29 MP: 1/1
   321 | D:1      | Found Lops's Assorted Antiques.
   340 | D:1      | Bought a scroll labelled GIBLURU MEASEIPS for 27 gold
                  | pieces
   434 | D:1      | XOM: silly message
   687 | D:2      | Reached skill level 4 in Maces & Flails
   687 | D:2      | Reached XP level 3. HP: 12/36 MP: 2/2
   755 | D:2      | XOM: silly message
   758 | D:2      | Reached XP level 4. HP: 40/44 MP: 3/3
   919 | D:2      | XOM: potion effect (curing)
   935 | D:2      | Reached skill level 5 in Maces & Flails
  1160 | D:3      | Noticed Grinder
  1174 | D:3      | Killed Grinder
  1175 | D:3      | Reached skill level 6 in Maces & Flails
  1175 | D:3      | Reached XP level 5. HP: 35/50 MP: 4/4
  1175 | D:3      | Reached XP level 6. HP: 41/59 MP: 5/5
  1197 | D:3      | Found an opulent altar of Gozag.
  1259 | D:3      | Found a transporter.
  1378 | D:3      | Noticed a small abomination
  1387 | D:3      | Noticed awesomeguy42's ghost (weakling HuNe)
  1398 | D:3      | Found a transporter.
  1404 | D:3      | Found a one-way gate to the infinite horrors of the Abyss.
  1464 | D:3      | XOM: divination: detect creatures
  1588 | D:3      | XOM: divination: detect creatures
  1821 | D:4      | XOM: 3-stop teleportation journey
  1909 | D:4      | XOM: enchant monster (good)
  1912 | D:4      | Reached skill level 7 in Maces & Flails
  2125 | D:4      | Slain by an ogre

Vanquished Creatures
  Grinder (D:3)
  A phantom (D:4)
  8 gnolls (D:2)
  2 adders (D:2)
  A worm (D:4)
  3 dart slugs (D:2)
  2 orcs (D:4)
  5 ball pythons
  An endoplasm (D:1)
  A giant cockroach (D:1)
  4 hobgoblins
  4 jackals (D:1)
  4 quokkas (D:2)
  5 bats
  3 frilled lizards (D:2)
  2 kobolds
  3 rats
50 creatures vanquished.

Vanquished Creatures (collateral kills)
  An orc wizard (D:4)
1 creature vanquished.

Grand Total: 51 creatures vanquished

Table legend: (Time is in decaauts)
 A = Elapsed time spent in this place.
 B = Non-inter-level travel time spent in this place.
 C = Inter-level travel time spent in this place.
 D = Time resting spent in this place.
 E = Time spent auto-exploring this place.
 F = Levels seen in this place.
 G = Mean time per level.
                   A        B        C        D        E       F      G
               +--------+--------+--------+--------+--------+-----+--------+
         Total |   2149 |   2055 |     94 |     97 |   1564 |   4 |  537.2 |
       Dungeon |   2149 |   2055 |     94 |     97 |   1564 |   4 |  537.2 |
               +--------+--------+--------+--------+--------+-----+--------+

Top non-repeatable levels by time:
     D:1: 623 daAuts
     D:3: 601 daAuts
     D:2: 547 daAuts
     D:4: 377 daAuts

Table legend:
 A = Non-vault XP
 B = Vault XP
 C = Vault XP percentage of total XP
 D = Non-vault monster count
 E = Vault monster count
 F = Vault count percentage of total count
                 A         B        C        D         E       F
            +---------+---------+-------+---------+---------+-------
      Total |     332 |     295 |  47.0 |      46 |       5 |   9.8
            +---------+---------+-------+---------+---------+-------
        D:1 |      22 |       0 |   0.0 |      12 |       0 |   0.0
        D:2 |     149 |      23 |  13.4 |      22 |       4 |  15.4
        D:3 |       8 |     272 |  97.1 |       5 |       1 |  16.7
        D:4 |     153 |       0 |   0.0 |       7 |       0 |   0.0
            +---------+---------+-------+---------+---------+-------
